 Dungeon Crawl Stone Soup version 0.21.1-1-g345015f (webtiles) character file.

28123 tidbits the Thaumaturge (level 13, -5/98 HPs)
             Began as a Gnoll Venom Mage on Mar 24, 2018.
             Was a High Priest of Cheibriados.
             Killed by divine providence
             ... invoked by an orc high priest
              (13 damage)
             ... on level 2 of the Orcish Mines.
             The game lasted 01:27:53 (4975 turns).

tidbits the Thaumaturge (Gnoll Venom Mage)          Turns: 4975, Time: 01:27:54

Health: -5/98      AC: 12    Str: 30    XL:     13   Next: 36%
Magic:  6/26       EV: 24    Int: 34    God:    Cheibriados [*****.]
Gold:   795        SH:  0    Dex: 35    Spells: 4/31 levels left

rFire    + . .     SeeInvis .   b - +0 broad axe (elec)
rCold    + . .     Gourm    .   (no shield)
rNeg     . . .     Faith    +   B - +2 robe {rF+}
rPois    .         Spirit   .   E - +1 helmet
rElec    .         Reflect  .   C - +2 cloak
rCorr    .         Harm     .   (no gloves)
MR       .....                  F - +1 pair of boots {Fly}
Stlth    ++++......             J - amulet of faith
HPRegen  0.26/turn              k - ring of protection from cold
MPRegen  0.20/turn              q - ring "Otsuklu" {*Contam Str+6 Dex+5 Stlth-}

@: flying, very slow
A: distributed training, fangs 1, strong nose
a: Bend Time, Temporal Distortion, Slouch, Step From Time, Renounce Religion,
Stop Flying


You were on level 2 of the Orcish Mines.
You worshipped Cheibriados.
Cheibriados was extremely pleased with you.
You were not hungry.

You visited 4 branches of the dungeon, and saw 17 of its levels.
You also visited: Ice Cave.

You collected 1746 gold pieces.
You spent 951 gold pieces at shops.

Inventory:

Hand Weapons
 a - a +0 dagger
 b - a +0 broad axe of electrocution (weapon)
   (You found it on level 4 of the Dungeon)
 o - a +1 dagger of venom
   (You took it off an orc priest on level 2 of the Orcish Mines)
 Z - a +3 demon blade of flaming
   (You found it in an ice cave)
Missiles
 h - 90 arrows
 l - 48 stones (quivered)
 n - 2 throwing nets {!f}
 w - 3 javelins
Armour
 p - a +1 robe of fire resistance
   (You took it off Nergalle on level 2 of the Orcish Mines)
 v - a +2 hat
 y - a +0 robe of resistance
   (You took it off a wight on level 8 of the Dungeon)
 B - a +2 robe of fire resistance (worn)
   (You took it off an orc sorcerer on level 1 of the Orcish Mines)
 C - a +2 cloak (worn)
 E - a +1 helmet (worn)
 F - a +1 pair of boots of flying (worn)
   (You found it in an ice cave)
 X - a +3 leather armour
Magical Staves
 e - an uncursed staff of energy {!a}
   (You found it in an ice cave)
Jewellery
 g - an uncursed ring of magical power
   (You found it on level 1 of the Dungeon)
 k - a ring of protection from cold (left hand)
   (You found it on level 2 of the Dungeon)
 q - the ring "Otsuklu" (right hand) {*Contam Str+6 Dex+5 Stlth-}
   (You took it off an orc warrior on level 10 of the Dungeon)

   [ring of loudness]

   It affects your strength (+6).
   It affects your dexterity (+5).
   It causes magical contamination when unequipped.
   It makes you less stealthy.
 J - an amulet of faith (around neck)
   (You found it on level 5 of the Dungeon)
 K - an uncursed ring of resist corrosion
   (You found it on level 10 of the Dungeon)
 V - the ring "Hiyma" {Str+4 Int+3}
   (You found it on level 10 of the Dungeon)

   [ring of intelligence]

   It affects your strength (+4).
   It affects your intelligence (+3).
Wands
 d - a wand of digging (14)
 u - a wand of enslavement (3)
 Q - a wand of polymorph (11)
 U - a wand of clouds (2)
Scrolls
 j - 2 scrolls of brand weapon
 m - a scroll of fear
 r - a scroll of remove curse
 z - a scroll of magic mapping
 H - a scroll of silence
 N - 2 scrolls of teleportation
 W - 2 scrolls of immolation
Potions
 f - 2 potions of flight
 t - 8 potions of curing
 x - a potion of ambrosia
 D - a potion of heal wounds
 G - a potion of brilliance
 L - 2 potions of resistance
Books
 s - a book of Misfortune
   (You found it on level 3 of the Dungeon)

   Spells                             Type                      Level
   a - Confusing Touch                Hexes                        1
   b - Confuse                        Hexes                        3
   c - Gell's Gravitas                Translocation                3
   d - Petrify                        Transmutation/Earth          4
   e - Metabolic Englaciation         Hexes/Ice                    5
   f - Yara's Violent Unravelling     Hexes/Transmutation          5
 R - a book of Maledictions
   (You found it on level 5 of the Dungeon)

   Spells                             Type                      Level
   a - Corona                         Hexes                        1
   b - Ensorcelled Hibernation        Hexes/Ice                    2
   c - Confuse                        Hexes                        3
   d - Tukima's Dance                 Hexes                        3
   e - Dazzling Spray                 Conjuration/Hexes            3
 S - a Young Poisoner's Handbook

   Spells                             Type                      Level
   a - Sting                          Conjuration/Poison           1
   b - Poisonous Vapours              Poison/Air                   2
   c - Mephitic Cloud                 Conjuration/Poison/Air       3
   d - Olgreb's Toxic Radiance        Poison                       4
   e - Venom Bolt                     Conjuration/Poison           5
 T - a book of Changes
   (You found it on level 7 of the Dungeon)

   Spells                             Type                      Level
   a - Beastly Appendage              Transmutation                1
   b - Sticks to Snakes               Transmutation                2
   c - Spider Form                    Transmutation/Poison         3
   d - Ice Form                       Ice/Transmutation            4
   e - Blade Hands                    Transmutation                5
Miscellaneous
 A - a lamp of fire (inert)
 M - a phantom mirror
Comestibles
 c - 21 rations


   Skills:
 + Level 8.1 Fighting
 + Level 8.1 Short Blades
 + Level 8.1 Long Blades
 + Level 8.1 Axes
 + Level 8.1 Maces & Flails
 + Level 8.1 Polearms
 + Level 8.1 Staves
 + Level 8.1 Slings
 + Level 8.1 Bows
 + Level 8.1 Crossbows
 + Level 8.1 Throwing
 + Level 8.1 Armour
 + Level 9.3 Dodging
 + Level 9.2 Stealth
 + Level 8.1 Shields
 + Level 8.1 Unarmed Combat
 + Level 9.5 Spellcasting
 + Level 7.1 Conjurations
 + Level 6.7 Hexes
 + Level 6.7 Charms
 + Level 6.7 Summonings
 + Level 6.7 Necromancy
 + Level 6.7 Translocations
 + Level 6.7 Transmutations
 + Level 6.7 Fire Magic
 + Level 6.7 Ice Magic
 + Level 6.7 Air Magic
 + Level 6.7 Earth Magic
 + Level 8.8 Poison Magic
 + Level 8.8 Invocations
 + Level 8.1 Evocations


You had 4 spell levels left.
You knew the following spells:

 Your Spells              Type           Power        Failure   Level  Hunger
a - Sting                 Conj/Pois      ####         1%          1    None
b - Corona                Hex            ######.      1%          1    None
c - Confuse               Hex            ######..     1%          3    None
e - Ensorcelled Hibernat  Hex/Ice        ######       1%          2    None
h - Blade Hands           Tmut           ######....   4%          5    ###....
i - Ice Form              Ice/Tmut       ######..     1%          4    None
k - Sticks to Snakes      Tmut           ######..     1%          2    None
m - Mephitic Cloud        Conj/Pois/Air  ######..     1%          3    None
o - Poisonous Vapours     Pois/Air       ######       1%          2    None
O - Olgreb's Toxic Radia  Pois           ######..     1%          4    None


Dungeon Overview and Level Annotations

Branches:
Dungeon (13/15)            Temple (1/1) D:6             Orc (2/2) D:12
    Elf (1/3) Orc:2
   Lair: D:8-11      Vaults: D:13-14

Altars:
Cheibriados
Elyvilon
Fedhas
Gozag
Hepliaklqana
Kikubaaqudgha
Makhleb
Okawaru
Qazlal
Ru
Sif Muna
Wu Jian
Zin
The Shining One
Beogh

Shops:
D:5 =   D:7 *[*%!   D:8 (   Orc:1 ?

Annotations:
D:4 simples's ghost, novice FoAK
D:5 exclusion: downstairs
D:12 exclusion: gargoyle


Innate Abilities, Weirdness & Mutations

Your experience applies equally to all skills.
You have very sharp teeth.
Your uncanny sense of smell can sniff out nearby items.


Message History

Press: ? - help, Dir - move target cursor, f/p - orc warrior
Aim: an orc warrior, wielding a trident and wearing a plate armour Poisonous vapours surround the orc warrior!
The orc warrior is engulfed in poison gas.
The orc warrior is poisoned.
Evoke which item? (* to show all) (? for menu, Esc to quit)
Okay, then.
Unknown command.
Casting: Poisonous Vapours
Confirm with . or Enter, or press ? or * to list all spells.
Aiming: Poisonous Vapours
Press: ? - help, Dir - move target cursor, f/p - orc warrior
Aim: an orc warrior, wielding a trident and wearing a plate armour (lightly wounded, poisoned) Poisonous vapours surround the orc warrior!
The orc warrior is engulfed in poison gas.
The orc warrior looks even sicker.
The orc warrior misses you. The orc warrior barely misses you.
Unknown command.
You hit the orc warrior but do no damage.
Lightning courses through the orc warrior!
You kill the orc warrior!
Cheibriados thoroughly appreciates the change of pace.
Things that are here:
a trident; a plate armour; an orc corpse You see here a hand axe.
Unknown command.
Casting: Poisonous Vapours
Confirm with . or Enter, or press ? or * to list all spells.
Aiming: Poisonous Vapours
Press: ? - help, Dir - move target cursor, f - orc priest
Aim: an orc priest (hasn't noticed you) Poisonous vapours surround the orc priest!
The orc priest is engulfed in poison gas.
The orc priest is poisoned.
An orc high priest comes into view. It is wielding a dire flail.
Things that are here:
a trident; a plate armour; an orc corpse The orc high priest shouts!
You hear a shout!
The orc high priest invokes the aid of Beogh against you.
Beogh smites you!
* * * LOW HITPOINT WARNING * * *
Unknown command.
Casting: Poisonous Vapours
Confirm with . or Enter, or press ? or * to list all spells.
You begin to radiate toxic energy.
The orc high priest is poisoned.
Unknown command.
Throwing (i - inventory. (,) - cycle):
l - 48 stones (quivered)
Press: ? - help, Shift-Dir - straight line, f/p - orc priest
Aim: an orc priest (heavily wounded, poisoned)
Okay, then.
You kill the orc priest!
Cheibriados appreciates the change of pace.
The orc high priest mumbles some strange prayers to Beogh.
Evoke which item? (* to show all) (? for menu, Esc to quit)
Okay, then.
Okay, then.
The orc high priest looks even sicker.
Your toxic aura wanes.
The orc high priest prays to Beogh.
Unknown command.
Evoke which item? (* to show all) (? for menu, Esc to quit)
Aim the lamp in which direction?
Press: ? - help, Dir - move target cursor
Okay, then.
Things that are here:
a broad axe; a plate armour Unknown command.
Evoke which item? (* to show all) (? for menu, Esc to quit)
Aim the lamp in which direction?
Press: ? - help, Dir - move target cursor The flames dance!
The orc high priest invokes the aid of Beogh against you.
Pain shoots through your body!
* * * LOW HITPOINT WARNING * * *
Items here: ) [[ † a chain mail; an antimagic great mace; a chain mail; an orc corpse Unknown command.
Unknown command.
Unknown command.
Evoke which item? (* to show all) (? for menu, Esc to quit)
Aiming: Iceblast
Press: ? - help, Shift-Dir - straight line, f - orc high priest
Aim: an orc high priest, wielding a dire flail (lightly wounded, poisoned)
The mass of ice explodes!
The iceblast engulfs the orc high priest.
The orc high priest is heavily wounded.
The iceblast engulfs the rust devil.
The rust devil is lightly wounded.
The now-empty wand crumbles to dust.
You hear a shout!
The orc high priest mumbles some strange prayers to Beogh against you.
Beogh smites you!
* * * LOW HITPOINT WARNING * * *
Okay, then.
Evoke which item? (* to show all) (? for menu, Esc to quit)
Okay, then.
The orc high priest looks more healthy.
The orc high priest calls down the wrath of Beogh upon you.
Beogh smites you!
You die...

.............##...#..............
.........#....##...#..#..........
.....#..####.####.#..............
.....#.## #..# #.##.#...#.......
... ## #.## g...#...#......#.
....## #######...............#
....#. #..#.#.##..............
(..... #.......##.............
......#####.4o[@.##.............
...)...)8)).4##))...............
....)(.[).§§.###)##.............
._..[.((.§..###..........#..#...
......(§§..####..........#####..
.....(()8..# #......#...## ###
.....(###### ##......#.## ##.#
...((. ##.....### #... ....#.
##.....#######...


You could see an orc high priest, an orange demon and a rust devil.

Vanquished Creatures
  A sphinx (D:12)
  2 orc warlords (Orc:2)
  A reaper (IceCv)
  The ghost of tidbits the Martial Artist, a journeyman GnTm of Cheibriados (Orc:2)
  A yaktaur captain (D:12)
  An ogre mage (D:10)
  A centaur warrior (D:10)
  A two-headed ogre (D:12)
  Nergalle (Orc:2)
  5 orc knights
  An ugly thing (D:10)
  A deep elf mage (D:12)
  6 orc sorcerers
  2 ice statues (IceCv)
  A kobold demonologist (D:12)
  A yaktaur (D:10)
  12 ice devils (IceCv)
  2 trolls (Orc:2)
  A hornet (D:11)
  A slime creature (D:10)
  A hippogriff (D:10)
  A human (D:7)
  A wyvern (D:4)
  A yak (D:10)
  4 hogs (D:7)
  2 hungry ghosts
  4 wargs
  A water moccasin (D:10)
  Duvessa (D:5)
  26 orc warriors
  An ice beast (D:5)
  A black bear (D:8)
  2 sky beasts
  2 phantoms
  7 ogres
  A centaur (D:10)
  2 crocodiles
  3 big kobolds
  3 bullfrogs
  Dowan (D:5)
  6 scorpions
  4 wights
  3 howler monkeys
  A centaur zombie (D:10)
  6 crimson imps
  A bullfrog zombie (D:5)
  2 hounds (D:7)
  A jelly (D:7)
  18 orc wizards
  3 quasits
  11 orc priests
  A bullfrog skeleton (D:10)
  A centaur skeleton (D:6)
  4 iguanas
  Ijyb (D:5)
  6 worker ants
  A worker ant zombie (D:10)
  4 gnolls (Orc:2)
  9 adders
  2 shadow imps
  3 white imps (IceCv)
  8 ufetubi (IceCv)
  An ooze (D:2)
  2 worms
  3 leopard geckos
  65 orcs
  2 ball pythons
  5 bats
  A giant cockroach (D:3)
  2 goblins
  2 hobgoblins
  11 kobolds
  2 quokkas (D:5)
  4 frilled lizards
  3 rats
307 creatures vanquished.

Vanquished Creatures (collateral kills)
  A cyclops (Orc:1)
  A white imp (IceCv)
2 creatures vanquished.

Vanquished Creatures (others)
  4 white imps (IceCv)
  3 ufetubi (IceCv)
7 creatures vanquished.

Grand Total: 316 creatures vanquished

Notes
Turn   | Place    | Note
-------+----------+-------------------------------------------
     0 | D:1      | tidbits the Gnoll Venom Mage began the quest for the Orb.
     0 | D:1      | Reached XP level 1. HP: 13/13 MP: 6/6
    20 | D:2      | Found a glowing silver altar of Zin.
    70 | D:2      | Reached skill level 2 in Conjurations
    80 | D:2      | Reached XP level 2. HP: 19/19 MP: 7/7
    84 | D:2      | Learned a level 2 spell: Poisonous Vapours
   251 | D:2      | Reached XP level 3. HP: 13/25 MP: 3/9
   288 | D:2      | Reached skill level 5 in Spellcasting
   393 | D:2      | Reached skill level 1 in Invocations
   682 | D:4      | Reached skill level 1 in Fighting
   682 | D:4      | Reached skill level 1 in Short Blades
   682 | D:4      | Reached skill level 1 in Long Blades
   682 | D:4      | Reached skill level 1 in Axes
   682 | D:4      | Reached skill level 1 in Maces & Flails
   682 | D:4      | Reached skill level 1 in Polearms
   682 | D:4      | Reached skill level 1 in Staves
   682 | D:4      | Reached skill level 1 in Slings
   682 | D:4      | Reached skill level 1 in Bows
   682 | D:4      | Reached skill level 1 in Crossbows
   682 | D:4      | Reached skill level 1 in Throwing
   682 | D:4      | Reached skill level 1 in Armour
   682 | D:4      | Reached skill level 1 in Shields
   682 | D:4      | Reached skill level 1 in Unarmed Combat
   682 | D:4      | Reached skill level 1 in Evocations
   715 | D:4      | Reached XP level 4. HP: 31/32 MP: 11/11
   749 | D:4      | Noticed simples's ghost (novice FoAK)
   812 | D:4      | Learned a level 4 spell: Olgreb's Toxic Radiance
   813 | D:5      | Entered Level 5 of the Dungeon
   825 | D:5      | Reached skill level 1 in Hexes
   825 | D:5      | Reached skill level 1 in Charms
   825 | D:5      | Reached skill level 1 in Summonings
   825 | D:5      | Reached skill level 1 in Necromancy
   825 | D:5      | Reached skill level 1 in Translocations
   825 | D:5      | Reached skill level 1 in Transmutations
   825 | D:5      | Reached skill level 1 in Fire Magic
   825 | D:5      | Reached skill level 1 in Ice Magic
   825 | D:5      | Reached skill level 1 in Air Magic
   825 | D:5      | Reached skill level 1 in Earth Magic
   941 | D:4      | Noticed a wyvern
   943 | D:4      | Killed a wyvern
   943 | D:4      | Reached skill level 2 in Invocations
   943 | D:4      | Reached XP level 5. HP: 38/38 MP: 12/12
   943 | D:4      | Reached XP level 6. HP: 44/44 MP: 13/13
   966 | D:4      | Learned a level 3 spell: Mephitic Cloud
  1021 | D:5      | Got a bloodstained ring mail
  1032 | D:5      | Identified the +0 ring mail of Loss {rF+ Str+2 Dex+2 Slay-6} (You found it on level 5 of the Dungeon)
  1083 | D:5      | Noticed Duvessa
  1087 | D:5      | Noticed Dowan
  1094 | D:5      | Killed Duvessa
  1094 | D:5      | Reached skill level 2 in Fighting
  1094 | D:5      | Reached skill level 2 in Short Blades
  1094 | D:5      | Reached skill level 2 in Long Blades
  1094 | D:5      | Reached skill level 2 in Axes
  1094 | D:5      | Reached skill level 2 in Maces & Flails
  1094 | D:5      | Reached skill level 2 in Polearms
  1094 | D:5      | Reached skill level 2 in Staves
  1094 | D:5      | Reached skill level 2 in Slings
  1094 | D:5      | Reached skill level 2 in Bows
  1094 | D:5      | Reached skill level 2 in Crossbows
  1094 | D:5      | Reached skill level 2 in Throwing
  1094 | D:5      | Reached skill level 2 in Armour
  1094 | D:5      | Reached skill level 5 in Dodging
  1094 | D:5      | Reached skill level 2 in Shields
  1094 | D:5      | Reached skill level 2 in Unarmed Combat
  1094 | D:5      | Reached skill level 2 in Evocations
  1095 | D:5      | Killed Dowan
  1097 | D:5      | Reached XP level 7. HP: 50/50 MP: 4/15
  1118 | D:5      | Found Akic's Jewellery Shoppe.
  1158 | D:5      | Noticed Ijyb
  1168 | D:5      | Killed Ijyb
  1307 | D:6      | Found a staircase to the Ecumenical Temple.
  1314 | Temple   | Entered the Ecumenical Temple
  1342 | Temple   | Became a worshipper of Cheibriados the Contemplative
  1386 | D:6      | Found an iron altar of Okawaru.
  1418 | D:6      | Found a deep blue altar of Sif Muna.
  1418 | D:6      | Found a white marble altar of Elyvilon.
  1451 | D:6      | Reached skill level 3 in Conjurations
  1451 | D:6      | Reached skill level 2 in Hexes
  1451 | D:6      | Reached skill level 2 in Charms
  1451 | D:6      | Reached skill level 2 in Summonings
  1451 | D:6      | Reached skill level 2 in Necromancy
  1451 | D:6      | Reached skill level 2 in Translocations
  1451 | D:6      | Reached skill level 2 in Transmutations
  1451 | D:6      | Reached skill level 2 in Fire Magic
  1451 | D:6      | Reached skill level 2 in Ice Magic
  1451 | D:6      | Reached skill level 2 in Air Magic
  1451 | D:6      | Reached skill level 2 in Earth Magic
  1497 | D:6      | Learned a level 3 spell: Confuse
  1601 | D:5      | Reached skill level 5 in Stealth
  1601 | D:5      | Reached skill level 3 in Invocations
  1637 | D:5      | Reached skill level 6 in Poison Magic
  1637 | D:5      | Reached XP level 8. HP: 8/57 MP: 2/16
  1676 | D:5      | Learned a level 2 spell: Ensorcelled Hibernation
  1739 | D:7      | Found Wisitt's Food Shop.
  1741 | D:7      | Reached skill level 3 in Fighting
  1741 | D:7      | Reached skill level 3 in Short Blades
  1741 | D:7      | Reached skill level 3 in Long Blades
  1741 | D:7      | Reached skill level 3 in Axes
  1741 | D:7      | Reached skill level 3 in Maces & Flails
  1741 | D:7      | Reached skill level 3 in Polearms
  1741 | D:7      | Reached skill level 3 in Staves
  1741 | D:7      | Reached skill level 3 in Slings
  1741 | D:7      | Reached skill level 3 in Bows
  1741 | D:7      | Reached skill level 3 in Crossbows
  1741 | D:7      | Reached skill level 3 in Throwing
  1741 | D:7      | Reached skill level 3 in Armour
  1741 | D:7      | Reached skill level 3 in Shields
  1741 | D:7      | Reached skill level 3 in Unarmed Combat
  1741 | D:7      | Reached skill level 3 in Evocations
  1755 | D:6      | Found a stormy altar of Qazlal.
  1822 | D:7      | Reached skill level 6 in Spellcasting
  1876 | D:7      | Found Lar Qano's Assorted Antiques.
  1881 | D:7      | Reached * piety under Cheibriados
  1886 | D:7      | Bought a scroll labeled SOEZXUISOECW for 32 gold pieces
  1886 | D:7      | Bought an orange potion for 28 gold pieces
  1886 | D:7      | Bought 2 scrolls labeled SOEZXUISOECW for 64 gold pieces
  1974 | D:7      | Found Zipimne's Assorted Antiques.
  1990 | D:7      | Bought a scroll labeled VALA ZEQUOK for 28 gold pieces
  1996 | D:7      | Found Nenoox's Antique Armour Boutique.
  2013 | D:7      | Reached skill level 4 in Invocations
  2028 | D:7      | Reached skill level 3 in Hexes
  2028 | D:7      | Reached skill level 3 in Charms
  2028 | D:7      | Reached skill level 3 in Summonings
  2028 | D:7      | Reached skill level 3 in Necromancy
  2028 | D:7      | Reached skill level 3 in Translocations
  2028 | D:7      | Reached skill level 3 in Transmutations
  2028 | D:7      | Reached skill level 3 in Fire Magic
  2028 | D:7      | Reached skill level 3 in Ice Magic
  2028 | D:7      | Reached skill level 3 in Air Magic
  2028 | D:7      | Reached skill level 3 in Earth Magic
  2064 | D:7      | Reached XP level 9. HP: 64/65 MP: 6/18
  2134 | D:7      | Reached skill level 6 in Dodging
  2144 | D:7      | Found Siexuczoe's Distillery.
  2147 | D:7      | Bought a potion of curing for 39 gold pieces
  2147 | D:7      | Bought a potion of degeneration for 13 gold pieces
  2148 | D:7      | Found a burning altar of Makhleb.
  2149 | D:7      | Noticed a cacodemon
  2170 | D:7      | Learned a level 4 spell: Ice Form
  2178 | D:7      | Reached ** piety under Cheibriados
  2179 | D:7      | Reached skill level 4 in Fighting
  2179 | D:7      | Reached skill level 4 in Short Blades
  2179 | D:7      | Reached skill level 4 in Long Blades
  2179 | D:7      | Reached skill level 4 in Axes
  2179 | D:7      | Reached skill level 4 in Maces & Flails
  2179 | D:7      | Reached skill level 4 in Polearms
  2179 | D:7      | Reached skill level 4 in Staves
  2179 | D:7      | Reached skill level 4 in Slings
  2179 | D:7      | Reached skill level 4 in Bows
  2179 | D:7      | Reached skill level 4 in Crossbows
  2179 | D:7      | Reached skill level 4 in Throwing
  2179 | D:7      | Reached skill level 4 in Armour
  2179 | D:7      | Reached skill level 4 in Shields
  2179 | D:7      | Reached skill level 4 in Unarmed Combat
  2179 | D:7      | Reached skill level 4 in Conjurations
  2179 | D:7      | Reached skill level 4 in Evocations
  2209 | D:7      | Learned a level 2 spell: Sticks to Snakes
  2223 | D:8      | Reached skill level 6 in Stealth
  2403 | D:9      | Reached *** piety under Cheibriados
  2414 | D:8      | Found Raisogga's Weapon Emporium.
  2483 | D:8      | Reached skill level 5 in Invocations
  2484 | D:8      | Noticed an enchanted hand axe
  2485 | D:8      | Noticed a hand axe
  2509 | D:10     | Entered Level 10 of the Dungeon
  2708 | D:10     | Reached XP level 10. HP: 73/73 MP: 10/20
  2710 | D:10     | Reached skill level 7 in Spellcasting
  2712 | D:10     | Reached skill level 4 in Hexes
  2712 | D:10     | Reached skill level 4 in Charms
  2712 | D:10     | Reached skill level 4 in Summonings
  2712 | D:10     | Reached skill level 4 in Necromancy
  2712 | D:10     | Reached skill level 4 in Translocations
  2712 | D:10     | Reached skill level 4 in Transmutations
  2712 | D:10     | Reached skill level 4 in Fire Magic
  2712 | D:10     | Reached skill level 4 in Ice Magic
  2712 | D:10     | Reached skill level 4 in Air Magic
  2712 | D:10     | Reached skill level 4 in Earth Magic
  2732 | D:10     | Noticed an ogre mage
  2738 | D:10     | Noticed a centaur warrior
  2739 | D:10     | Paralysed by an ogre mage for 5 turns
  2747 | D:10     | Killed an ogre mage
  2747 | D:10     | Reached **** piety under Cheibriados
  2747 | D:10     | Reached skill level 5 in Fighting
  2747 | D:10     | Reached skill level 5 in Short Blades
  2747 | D:10     | Reached skill level 5 in Long Blades
  2747 | D:10     | Reached skill level 5 in Axes
  2747 | D:10     | Reached skill level 5 in Maces & Flails
  2747 | D:10     | Reached skill level 5 in Polearms
  2747 | D:10     | Reached skill level 5 in Staves
  2747 | D:10     | Reached skill level 5 in Slings
  2747 | D:10     | Reached skill level 5 in Bows
  2747 | D:10     | Reached skill level 5 in Crossbows
  2747 | D:10     | Reached skill level 5 in Throwing
  2747 | D:10     | Reached skill level 5 in Armour
  2747 | D:10     | Reached skill level 5 in Shields
  2747 | D:10     | Reached skill level 5 in Unarmed Combat
  2747 | D:10     | Reached skill level 7 in Poison Magic
  2747 | D:10     | Reached skill level 5 in Evocations
  2750 | D:10     | Reached skill level 7 in Dodging
  2762 | D:10     | Killed a centaur warrior
  2762 | D:10     | Reached skill level 5 in Conjurations
  2778 | D:10     | Learned a level 1 spell: Corona
  2801 | D:10     | Noticed a purple ugly thing
  2809 | D:10     | Killed a purple ugly thing
  2809 | D:10     | Reached skill level 7 in Stealth
  2809 | D:10     | Reached skill level 6 in Invocations
  2819 | D:10     | Got a transparent glass ring
  2821 | D:10     | Identified the ring "Otsuklu" {*Contam Str+6 Dex+5 Stlth-} (You took it off an orc warrior on level 10 of the Dungeon)
  2848 | D:10     | Got a smoking brass ring
  2856 | D:10     | Identified the ring "Hiyma" {Str+4 Int+3} (You found it on level 10 of the Dungeon)
  2994 | D:10     | Reached XP level 11. HP: 75/81 MP: 11/22
  3070 | D:11     | Noticed an ogre mage
  3087 | D:11     | Noticed a manticore
  3090 | D:11     | Noticed a deep elf mage
  3094 | D:11     | Reached ***** piety under Cheibriados
  3135 | D:11     | Found a frozen archway.
  3140 | IceCv    | Entered an ice cave
  3446 | IceCv    | Reached skill level 6 in Fighting
  3446 | IceCv    | Reached skill level 6 in Short Blades
  3446 | IceCv    | Reached skill level 6 in Long Blades
  3446 | IceCv    | Reached skill level 6 in Axes
  3446 | IceCv    | Reached skill level 6 in Maces & Flails
  3446 | IceCv    | Reached skill level 6 in Polearms
  3446 | IceCv    | Reached skill level 6 in Staves
  3446 | IceCv    | Reached skill level 6 in Slings
  3446 | IceCv    | Reached skill level 6 in Bows
  3446 | IceCv    | Reached skill level 6 in Crossbows
  3446 | IceCv    | Reached skill level 6 in Throwing
  3446 | IceCv    | Reached skill level 6 in Armour
  3446 | IceCv    | Reached skill level 6 in Shields
  3446 | IceCv    | Reached skill level 6 in Unarmed Combat
  3446 | IceCv    | Reached skill level 5 in Hexes
  3446 | IceCv    | Reached skill level 5 in Charms
  3446 | IceCv    | Reached skill level 5 in Summonings
  3446 | IceCv    | Reached skill level 5 in Necromancy
  3446 | IceCv    | Reached skill level 5 in Translocations
  3446 | IceCv    | Reached skill level 5 in Transmutations
  3446 | IceCv    | Reached skill level 5 in Fire Magic
  3446 | IceCv    | Reached skill level 5 in Ice Magic
  3446 | IceCv    | Reached skill level 5 in Air Magic
  3446 | IceCv    | Reached skill level 5 in Earth Magic
  3446 | IceCv    | Reached skill level 6 in Evocations
  3540 | IceCv    | Reached skill level 8 in Spellcasting
  3620 | IceCv    | Reached skill level 7 in Invocations
  3636 | IceCv    | Reached skill level 8 in Dodging
  3637 | IceCv    | Noticed a reaper
  3640 | IceCv    | Killed a reaper
  3762 | D:12     | Noticed a two-headed ogre
  3766 | D:12     | Killed a two-headed ogre
  3814 | D:12     | Reached skill level 6 in Conjurations
  3861 | D:12     | Found a snail-covered altar of Cheibriados.
  3861 | D:12     | Found a glowing golden altar of the Shining One.
  3861 | D:12     | Noticed a deep elf mage
  3862 | D:12     | Noticed a sphinx
  3863 | D:12     | Killed a deep elf mage
  3863 | D:12     | Reached skill level 8 in Stealth
  3863 | D:12     | Reached XP level 12. HP: 89/89 MP: 24/24
  3864 | D:12     | Noticed a yaktaur captain
  3889 | D:12     | Killed a sphinx
  3889 | D:12     | Reached skill level 8 in Poison Magic
  3897 | D:12     | Killed a yaktaur captain
  3897 | D:12     | Reached skill level 7 in Fighting
  3897 | D:12     | Reached skill level 7 in Short Blades
  3897 | D:12     | Reached skill level 7 in Long Blades
  3897 | D:12     | Reached skill level 7 in Axes
  3897 | D:12     | Reached skill level 7 in Maces & Flails
  3897 | D:12     | Reached skill level 7 in Polearms
  3897 | D:12     | Reached skill level 7 in Staves
  3897 | D:12     | Reached skill level 7 in Slings
  3897 | D:12     | Reached skill level 7 in Bows
  3897 | D:12     | Reached skill level 7 in Crossbows
  3897 | D:12     | Reached skill level 7 in Throwing
  3897 | D:12     | Reached skill level 7 in Armour
  3897 | D:12     | Reached skill level 7 in Shields
  3897 | D:12     | Reached skill level 7 in Unarmed Combat
  3897 | D:12     | Reached skill level 7 in Evocations
  3993 | D:12     | Found a staircase to the Orcish Mines.
  4014 | D:12     | Found a roughly hewn altar of Beogh.
  4055 | Orc:1    | Entered Level 1 of the Orcish Mines
  4089 | Orc:1    | Found Toaphe's Magic Scroll Shop.
  4112 | Orc:1    | Bought a scroll of identify for 26 gold pieces
  4183 | Orc:2    | Entered Level 2 of the Orcish Mines
  4185 | Orc:2    | Noticed tidbits's ghost (journeyman GnTm)
  4198 | Orc:1    | Learned a level 5 spell: Blade Hands
  4210 | Orc:2    | Killed tidbits's ghost
  4221 | Orc:2    | Reached skill level 6 in Hexes
  4221 | Orc:2    | Reached skill level 6 in Charms
  4221 | Orc:2    | Reached skill level 6 in Summonings
  4221 | Orc:2    | Reached skill level 6 in Necromancy
  4221 | Orc:2    | Reached skill level 6 in Translocations
  4221 | Orc:2    | Reached skill level 6 in Transmutations
  4221 | Orc:2    | Reached skill level 6 in Fire Magic
  4221 | Orc:2    | Reached skill level 6 in Ice Magic
  4221 | Orc:2    | Reached skill level 6 in Air Magic
  4221 | Orc:2    | Reached skill level 6 in Earth Magic
  4310 | Orc:2    | Found a staircase to the Elven Halls.
  4347 | Elf:1    | Entered Level 1 of the Elven Halls
  4370 | Orc:2    | Noticed an orc warlord
  4370 | Orc:2    | Paralysed by an orc sorcerer for 7 turns
  4385 | Orc:2    | Reached skill level 8 in Invocations
  4480 | Orc:2    | Reached skill level 9 in Spellcasting
  4502 | Orc:2    | Killed an orc warlord
  4531 | Orc:1    | Bought a scroll of acquirement for 676 gold pieces
  4533 | Orc:1    | Bought a scroll of fear for 45 gold pieces
  4678 | Orc:1    | Reached skill level 9 in Dodging
  4753 | Orc:1    | Reached XP level 13. HP: 66/98 MP: 4/26
  4848 | Orc:2    | Noticed Nergalle
  4850 | Orc:2    | Reached skill level 9 in Stealth
  4856 | Orc:2    | Killed Nergalle
  4856 | Orc:2    | Reached skill level 7 in Conjurations
  4872 | Orc:2    | Noticed an orc warlord
  4881 | Orc:2    | Reached skill level 8 in Fighting
  4881 | Orc:2    | Reached skill level 8 in Short Blades
  4881 | Orc:2    | Reached skill level 8 in Long Blades
  4881 | Orc:2    | Reached skill level 8 in Axes
  4881 | Orc:2    | Reached skill level 8 in Maces & Flails
  4881 | Orc:2    | Reached skill level 8 in Polearms
  4881 | Orc:2    | Reached skill level 8 in Staves
  4881 | Orc:2    | Reached skill level 8 in Slings
  4881 | Orc:2    | Reached skill level 8 in Bows
  4881 | Orc:2    | Reached skill level 8 in Crossbows
  4881 | Orc:2    | Reached skill level 8 in Throwing
  4881 | Orc:2    | Reached skill level 8 in Armour
  4881 | Orc:2    | Reached skill level 8 in Shields
  4881 | Orc:2    | Reached skill level 8 in Unarmed Combat
  4881 | Orc:2    | Reached skill level 8 in Evocations
  4885 | Orc:2    | Killed an orc warlord
  4938 | Orc:2    | Found a roughly hewn altar of Beogh.
  4974 | Orc:2    | HP: 7/98 [orc high priest/divine providence (11)]
  4975 | Orc:2    | Killed from afar by an orc high priest

Skill      XL: |  1  2  3  4  5  6  7  8  9 10 11 12 13 |
---------------+----------------------------------------+-----
Conjurations   | 2 3 4 5 6 7 |  7.1
Spellcasting   | 5 6 7 8 9 |  9.5
Invocations    | 1 2 3 4 5 6 7 8 |  8.8
Fighting       | 1 2 3 4 5 6 7 8 |  8.1
Short Blades   | 1 2 3 4 5 6 7 8 |  8.1
Long Blades    | 1 2 3 4 5 6 7 8 |  8.1
Axes           | 1 2 3 4 5 6 7 8 |  8.1
Maces & Flails | 1 2 3 4 5 6 7 8 |  8.1
Polearms       | 1 2 3 4 5 6 7 8 |  8.1
Staves         | 1 2 3 4 5 6 7 8 |  8.1
Slings         | 1 2 3 4 5 6 7 8 |  8.1
Bows           | 1 2 3 4 5 6 7 8 |  8.1
Crossbows      | 1 2 3 4 5 6 7 8 |  8.1
Throwing       | 1 2 3 4 5 6 7 8 |  8.1
Armour         | 1 2 3 4 5 6 7 8 |  8.1
Shields        | 1 2 3 4 5 6 7 8 |  8.1
Unarmed Combat | 1 2 3 4 5 6 7 8 |  8.1
Evocations     | 1 2 3 4 5 6 7 8 |  8.1
Hexes          | 1 2 3 4 5 6 |  6.7
Charms         | 1 2 3 4 5 6 |  6.7
Summonings     | 1 2 3 4 5 6 |  6.7
Necromancy     | 1 2 3 4 5 6 |  6.7
Translocations | 1 2 3 4 5 6 |  6.7
Transmutations | 1 2 3 4 5 6 |  6.7
Fire Magic     | 1 2 3 4 5 6 |  6.7
Ice Magic      | 1 2 3 4 5 6 |  6.7
Air Magic      | 1 2 3 4 5 6 |  6.7
Earth Magic    | 1 2 3 4 5 6 |  6.7
Dodging        | 5 6 7 8 9 |  9.3
Stealth        | 5 6 7 8 9 |  9.2
Poison Magic   | 6 7 8 |  8.8

Action                   |  1- 3 |  4- 6 |  7- 9 | 10-12 | 13-15 || total
-------------------------+-------+-------+-------+-------+-------++-------
Melee: Unarmed           |     2 |       |    30 |   130 |       ||   162
       Spear             |     2 |       |       |       |       ||     2
       Dagger            |     7 |    10 |   108 |    28 |     4 ||   157
       Bite              |       |     2 |    16 |    10 |     3 ||    31
       Punch             |       |       |     6 |     5 |     1 ||    12
       Hand axe          |       |       |     2 |    11 |       ||    13
       Broad axe         |       |       |       |    32 |    13 ||    45
Throw: Tomahawk          |       |       |     5 |    13 |    25 ||    43
       Throwing net      |       |       |       |     2 |       ||     2
       Javelin           |       |       |       |       |     5 ||     5
       Stone             |       |       |       |       |     4 ||     4
 Cast: Sting             |    33 |     9 |     1 |       |       ||    43
       Poisonous Vapours |    23 |    12 |    24 |     2 |     8 ||    69
       Olgreb's Toxic Ra |       |     2 |    17 |    29 |     7 ||    55
       Mephitic Cloud    |       |     2 |     3 |     5 |       ||    10
       Confuse           |       |       |    20 |    13 |     1 ||    34
       Ensorcelled Hiber |       |       |    19 |    22 |     3 ||    44
       Ice Form          |       |       |     4 |    13 |       ||    17
       Sticks to Snakes  |       |       |     1 |     4 |       ||     5
       Blade Hands       |       |       |       |     1 |       ||     1
Invok: Slouch            |       |       |       |     7 |     2 ||     9
       Bend Time         |       |       |       |     2 |       ||     2
       Temporal Distorti |       |       |       |     1 |       ||     1
 Abil: End Transformatio |       |       |       |    10 |       ||    10
Evoke: Wand              |     1 |     1 |     8 |    43 |    14 ||    67
       Lamp of fire      |       |       |       |       |     1 ||     1
  Use: Scroll            |       |       |     8 |    14 |       ||    22
       Potion            |       |       |       |    11 |       ||    11
 Stab: Sleeping          |     3 |     2 |    21 |    14 |     2 ||    42
       Distracted        |       |     1 |     1 |       |       ||     2
       Confused          |       |       |     6 |     8 |     1 ||    15
       Held in net/web   |       |       |       |     1 |       ||     1
  Eat: Chunk             |       |     1 |     3 |     1 |       ||     5
       Ration            |       |       |     2 |     2 |       ||     4
Armor: Robe              |     5 |     1 |    19 |    19 |       ||    44
       Skin              |       |       |     6 |    45 |       ||    51
Dodge: Dodged            |    25 |     4 |    85 |   211 |    21 ||   346

Table legend:
 A = Turns spent in this place as a percentage of turns spent in the entire game.
 B = Non-inter-level travel turns spent in this place as a percentage of non-inter-level travel turns spent in the entire game.
 C = Inter-level travel turns spent in this place as a percentage of turns spent in this place.
 D = Turns resting spent in this place as a percentage of non-inter-level travel turns spent in this place.
 E = Turns spent auto-exploring this place as a percentage of non-inter-level travel turns spent in this place.
 F = Non-inter-level travel turns spent in this place divided by the number of levels of this place that you've seen.
                   A       B       C       D       E      F
               +-------+-------+-------+-------+-------+----------------------
         Total | 100.0 | 100.0 |   1.6 |   0.0 |   0.0 | 271.8
       Dungeon |  68.8 |  68.9 |   1.6 |   0.0 |   0.0 | 259.2
        Temple |   1.1 |   0.6 |  47.4 |   0.0 |   0.0 |  30.0
  Orcish Mines |  18.4 |  18.7 |   0.0 |   0.0 |   0.0 | 458.5
   Elven Halls |   0.1 |   0.1 |   0.0 |   0.0 |   0.0 |   3.0
      Ice Cave |  11.5 |  11.7 |   0.0 |   0.0 |   0.0 | 573.0
               +-------+-------+-------+-------+-------+----------------------

Table legend:
 A = Kills in this place as a percentage of kills in entire the game.
 B = Kills by you in this place as a percentage of kills by you in the entire game.
 C = Kills by friends in this place as a percentage of kills by friends in the entire game.
 D = Other kills in this place as a percentage of other kills in the entire game.
 E = Experience gained in this place as a percentage of experience gained in the entire game.
 F = Experience gained in this place divided by the number of levels of this place that you have seen.
                   A       B       C       D       E      F
               +-------+-------+-------+-------+-------+----------------------
         Total | 100.0 | 100.0 | 100.0 | 100.0 | 100.0 | 2232.0
       Dungeon |  60.2 |  60.2 |   0.0 | 100.0 |  39.2 | 1211.7
  Orcish Mines |  31.1 |  31.2 |  50.0 |   0.0 |  44.6 | 8955.0
      Ice Cave |   8.7 |   8.6 |  50.0 |   0.0 |  16.2 | 6514.0
               +-------+-------+-------+-------+-------+----------------------

Vault maps used:
D:1:      lemuel_arrival_river_ford
D:2:      lemuel_crystal_altar, first_ration
D:3:      lemuel_statue_altar
D:4:      minmay_distorted
D:5:      serial_shops, nicolae_shop_crystal, hangedman_decor_riveting,
          kennysheep_generic_room_3, uniq_ijyb, uniq_duvessa
D:6:      minitemple, grunt_qazlal_clouds, temple_green, basic_altar,
          yredelemnul_altar_generic
D:7:      serial_shops, shop, shop, nicolae_shop_statue_plus,
          nicolae_shop_waterfront, kennysheep_mini, grunt_livestock,
          makhleb_altar_promises_db
D:8:      evilmike_ruin_ashenzari, dancing_weapons_uskayaw, serial_shops,
          nicolae_shop_behind_doors
D:10:     minmay_the_grid_octo_triangle, special_room
D:11:     erik_lair_dragon, portal_ice_cave_entry_pillars_1, minivault_12
D:12:     minmay_orc_entry_temple_small, jmf_multi_god_temple
D:13:     serial_shops, shop, serial_co_window_serial, co_window_corner_a,
          co_window_paths_a, co_window_paths_a, co_window_corner_a,
          co_window_paths_a, co_window_broadway_b, co_window_of_opportunity_b,
          co_window_corner_b, co_window_2corner, co_window_of_opportunity_c,
          co_window_cross_3, co_window_corner_b, glass_columns_b,
          glass_columns_a, glass_columns_c, glass_columns_c, uniq_frances,
          uniq_snorg
Temple:   regret_index_temple_sphere_string
Orc:1:    serial_shops, shop
Orc:2:    grunt_orc_cross, uniq_rupert
Elf:1:    serial_shops, nicolae_shop_trees, minivault_28
IceCv:    ice_cave_small_demon
